 Dungeon Crawl Stone Soup version 0.29-a0-529-gfa20dd96a1 (webtiles) character file.

Game seed: 4702451122008541612

151 enile the Shooter (level 5, -3/45 HPs)
             Began as a Meteoran Wanderer on June 1, 2022.
             Was a Believer of Nemelex Xobeh.
             Slain by a gnoll
             ... wielding a +0 halberd
              (5 damage)
             ... on level 4 of the Dungeon.
             The game lasted 00:07:15 (2218 turns).

enile the Shooter (Meteoran Wanderer)               Turns: 2218, Time: 00:07:16

Health: -3/45      AC:  5    Str: 14    XL:     5   Next: 91%
Magic:  8/8        EV: 11    Int: 14    God:    Nemelex Xobeh [**....]
Gold:   114        SH:  0    Dex: 14    Spells: 5/6 levels left

rFire   . . .      SeeInvis .   f - +2 flail (vorpal)
rCold   . . .      Faith    .   (no shield)
rNeg    . . .      Spirit   .   b - +0 ring mail
rPois   .          Reflect  .   (no helmet)
rElec   .          Harm     .   (no cloak)
rCorr   +          Rampage  .   (no gloves)
Will    .....                   (no boots)
Stlth   +.........              (no amulet)
HPRegen 0.15/turn               h - ring of resist corrosion
MPRegen 0.11/turn               (no ring)

@: glowing
A: sense surroundings 1, otherworldly, glowing, explore regen
a: Renounce Religion, Draw Escape, Draw Destruction, Draw Summoning


You were on level 4 of the Dungeon.
You worshipped Nemelex Xobeh.
Nemelex Xobeh was pleased with you.
You visited 1 branch of the dungeon, and saw 4 of its levels.

You collected 114 gold pieces.

Inventory:

Hand Weapons
 a - a +2 shortbow
 d - a +0 dagger
 e - a +5 club
 f - a +2 vorpal flail (weapon)
 k - a +0 flail
Armour
 b - a +0 ring mail (worn)
 m - an orb of guile
Jewellery
 h - a ring of resist corrosion (left hand)
Wands
 p - a wand of mindburst (14)
Scrolls
 g - 2 scrolls of identify {unknown}
 i - a scroll of immolation {unknown}
 l - a scroll of noise {unknown}
 o - a scroll of fog {unknown}
Potions
 c - a potion of brilliance
 j - a potion of mutation {unknown}
 n - a potion of curing


   Skills:
 - Level 3.0 Fighting
 - Level 5.4 Bows
 - Level 1.2 Armour
 - Level 3.0 Dodging
 - Level 1.3 Spellcasting
 - Level 2.4 Poison Magic
 + Level 3.6 Invocations
 - Level 1.2 Evocations


You had 5 spell levels left.
You knew the following spells:

 Your Spells              Type           Power      Damage    Failure   Level
a - Sting                 Tmut/Pois      16%        1d3       32%         1

Your spell library contained the following spells:

 Spells                   Type           Power      Damage    Failure   Level
 Ignite Poison            Fire/Tmut/Pois 3%         N/A       75%         3


Dungeon Overview and Level Annotations

Branches:
Dungeon (4/15)
 Temple: D:4-7

Altars:
Cheibriados
Nemelex Xobeh

Shops:
D:3 [


Innate Abilities, Weirdness & Mutations

You passively map a small area around you.
You are easily found by Zot.
You glow in the dark.
You regain HP and MP as you explore.


Message History

A worm comes into view.
There is an open door here.
You thump the gnoll!
You kill the gnoll!
The rat closely misses you.
You see here a +0 war axe.
You hit the rat.
You kill the rat!
The rat closely misses you.
You see here a rat corpse.
You hit the rat.
You kill the rat!
The gnoll hits you from afar with a +0 halberd. x2
The gnoll hits you but does no damage.
There is an open door here.
You see here a rat corpse.
You sock the gnoll!
The gnoll is severely wounded.
The gnoll hits you with a +0 halberd!
You barely miss the gnoll.
The gnoll is severely wounded.
The gnoll closely misses you. The gnoll hits you with a +0 halberd.
You hit the gnoll.
The gnoll is almost dead.
The gnoll hits you but does no damage.
You hit the gnoll but do no damage.
The gnoll is almost dead.
The gnoll hits you with a +0 halberd!
* * * LOW HITPOINT WARNING * * *
You hit the gnoll but do no damage.
The gnoll is almost dead.
The gnoll hits you but does no damage. The gnoll closely misses you.
You hit the gnoll but do no damage.
The gnoll is almost dead.
The gnoll hits you with a +0 halberd!
* * * LOW HITPOINT WARNING * * *
Okay, then.
The gnoll hits you from afar with a +0 halberd.
You die...
Your body disappears without additional glow.

#...##y##...# ##.## #.#
#....###....# #.# #.. *
#...........# #.# #.#
#.........# ##'## #.# #.......#
##...## #.# * *#.# ###
##.....## ##.#
#*#.###.###.......## ##..#
##.#.#...#.##.........####...#
...........wg†@).......+.......
###.#.....#g##.........####...#
* ###..##)###.......## ##..# ,*
#.###.# ##.....## ###.# * * #.#
#.# ##...## #...# * , ...
..######+## #.### *
.(..,.^.....#.# #.# #.#. .#.
.....# #.# #.* #.#.###.#.## #.#


You could see a worm and 2 gnolls.

Vanquished Creatures
  A hound (D:3)
  Ijyb (D:3)
  Terence (D:2)
  A gnoll (D:4)
  2 adders
  A dart slug (D:1)
  2 orcs
  3 bats
  4 endoplasms
  2 giant cockroaches (D:2)
  5 goblins
  4 hobgoblins
  4 kobolds (D:1)
  A ball python (D:1)
  3 frilled lizards (D:2)
  7 rats
42 creatures vanquished.

Vanquished Creatures (others)
  2 plants (D:1)
  A withered plant (D:1)
3 creatures vanquished.

Grand Total: 45 creatures vanquished

Notes
Turn   | Place    | Note
-------+----------+-------------------------------------------
     0 | D:1      | enile the Meteoran Wanderer began the quest for the Orb.
     0 | D:1      | enile set off with the following items: a +2 shortbow, a +0
                  | ring mail, a potion of brilliance; and the following spell
                  | memorised: Sting; and the following spells available to
                  | memorise: Ignite Poison
     0 | D:1      | Reached XP level 1. HP: 14/14 MP: 3/3
    50 | D:1      | Reached skill level 1 in Fighting
    53 | D:1      | Reached XP level 2. HP: 23/23 MP: 5/5
   112 | D:1      | You fall into a shaft and drop 1 floor!
   277 | D:2      | Reached XP level 3. HP: 30/30 MP: 6/6
   674 | D:1      | Found a faded altar of an unknown god.
   692 | D:1      | Prayed at the altar of an unknown god.
   692 | D:1      | Became a worshipper of Nemelex Xobeh the Trickster
   692 | D:1      | Reached * piety under Nemelex Xobeh
   830 | D:2      | Reached skill level 1 in Dodging
  1078 | D:2      | Glimpsed the power of Zot.
  1098 | D:2      | Noticed Terence
  1115 | D:2      | Killed Terence
  1116 | D:2      | Reached XP level 4. HP: 21/38 MP: 7/7
  1123 | D:2      | Glimpsed the power of Zot.
  1163 | D:2      | Glimpsed the power of Zot.
  1188 | D:2      | Received a gift from Nemelex Xobeh
  1270 | D:3      | Found a sparkling altar of Nemelex Xobeh.
  1280 | D:3      | Found Ugoaf's Armour Boutique.
  1300 | D:3      | Reached skill level 1 in Invocations
  1300 | D:3      | Reached XP level 5. HP: 40/45 MP: 8/8
  1316 | D:3      | Noticed Ijyb
  1335 | D:3      | Killed Ijyb
  1660 | D:3      | Glimpsed the power of Zot.
  1709 | D:3      | Glimpsed the power of Zot.
  1996 | D:3      | Reached ** piety under Nemelex Xobeh
  2016 | D:3      | Found a snail-covered altar of Cheibriados.
  2190 | D:4      | Noticed a moth of wrath
  2217 | D:4      | HP: 2/45 [gnoll/+0 halberd (11)]
  2218 | D:4      | Slain by a gnoll

Illustrated notes

Levels and vault maps discovered:
D:1:      dpeg_arrival_central, layout_rooms,
          shapermc_ecumenical_altar_flowoftime
D:2:      layout_loops_corners, uniq_terence
D:3:      cheibrodos_helix_gallery, layout_basic, nemelex_diamond_rough_becter,
          old_standard_altar, serial_shops, shop, uniq_ijyb
D:4:      layout_loops_corners, tgw_trog, uniq_blork_the_orc

Skill      XL: |  1  2  3  4  5 |
---------------+----------------+-----
Fighting       | 1 2 3 |  3.0
Dodging        | 2 3 |  3.0
Invocations    | 1 3 |  3.6
Bows           | |  5.4
Armour         | |  1.2
Spellcasting   | |  1.3
Poison Magic   | |  2.4
Evocations     | |  1.2

Action                   |  1- 3 |  4- 6 || total
-------------------------+-------+-------++-------
Melee: Dagger            |    24 |       ||    24
       Flail             |       |    28 ||    28
       Club              |       |    14 ||    14
 Fire: Shortbow          |    80 |    14 ||    94
Throw: Dart              |     2 |     1 ||     3
       Throwing net      |     2 |     1 ||     3
Invok: Draw Destruction  |       |     1 ||     1
  Use: Scroll            |       |     1 ||     1
       Potion            |       |     1 ||     1
 Stab: Held in net/web   |       |     1 ||     1
Armor: Ring mail         |    22 |    13 ||    35
Dodge: Dodged            |    27 |    19 ||    46

Table legend: (Time is in decaauts)
 A = Elapsed time spent in this place.
 B = Non-inter-level travel time spent in this place.
 C = Inter-level travel time spent in this place.
 D = Time resting spent in this place.
 E = Time spent auto-exploring this place.
 F = Levels seen in this place.
 G = Mean time per level.
                   A        B        C        D        E       F      G
               +--------+--------+--------+--------+--------+-----+--------+
         Total |   2264 |   2099 |    165 |     82 |   1110 |   4 |  566.0 |
       Dungeon |   2264 |   2099 |    165 |     82 |   1110 |   4 |  566.0 |
               +--------+--------+--------+--------+--------+-----+--------+

Top non-repeatable levels by time:
     D:3: 831 daAuts
     D:1: 653 daAuts
     D:2: 607 daAuts
     D:4: 172 daAuts
